cohdb
Replays
Latest Replays
All Replays
Popular Replays
Top Player Replays
Match Explorer
How It Works
Community
CoH3 Stats
Reddit
Sign in to upload your games and track your stats! →
Sign in with Steam
Match 46414854
Unlisted
Match 46414854
Overview
Messages
Build Orders
End
Selects Terror Battlegroup
Selects Terror Battlegroup
Selects Machine Gun Camouflage
Kettenkrad Recon Vehicle
Construct Infanterie Kompanie
MG 42 Machine Gun Team
Grenadier Squad
Grenadier Squad
Construct Panzergrenadier Kompanie
251 Medium Carrier
Medical Station
Panzergrenadier Squad
Forward Retreat Point
Medical Bunker
Pak 40 Anti-tank Gun Team
Selects No Quarter
Construct Panzer Kompanie
Panzergrenadier Squad
Panzer IV Medium Tank
Panzer IV Medium Tank
Pioneer Squad
Side Skirts
Freeze
KoMoDЫ4
_Nemez_
Barka
Rangefinder
ゆきかぜ
Silianu
soiweg
0
0
Comments
sign in to comment!
No comments posted yet!